AoeStats
← 扫清六合 席卷八荒

Arabian Desert

510244040Analyzed
1v1 RM · 3d ago on Sep 30, 2026· 32m 34s· 2 players
Game mode
Random Map
Map size
Tiny (2 player)
Population
200
Speed
Normal
Resources
Standard
Victory
Conquest
Starting age
Dark Age
Ending age
Imperial Age
RankedLock teamsTeams togetherTeam positionsShared explorationLock speedFull tech treeHidden civsTurbo modeCheats
Victory
Defeat
🇷🇸 Tatars · Serbia
1292
+14
1258
-14
扫清六合 席卷八荒
6:39 Loom
8:47 Feudal Age
11:58 Double-Bit Axe
22:17 Castle Age
20:38 Horse Collar
21:14 Fletching
21:35 Gold Mining
22:37 Padded Archer Armor
22:24 Elite Skirmisher
23:22 Bodkin Arrow
Vacić
6:46 Loom
9:10 Feudal Age
9:36 Man-at-Arms
13:33 Double-Bit Axe
15:32 Fletching
22:29 Castle Age
21:33 Padded Archer Armor
21:19 Horse Collar
21:29 Gold Mining
23:09 Bodkin Arrow
22:35 Crossbowman
24:53 Ballistics
32:00 Bloodlines
31:50 Husbandry
Connection lost

Rejoining the realm…

Still unreachable

The connection could not be restored.

Session expired

The server has moved on; the page needs a fresh start.